 Dungeon Crawl Stone Soup version 0.29-a0-911-g88e6f02907 (webtiles) character file.

Game seed: 1514628799455567055

1 mcwallace the Chiller (level 1, 0/10 HPs)
             Began as a Deep Elf Ice Elementalist on July 26, 2022.
             Killed from afar by a dart slug (5 damage)
             ... with a slug dart
             ... on level 1 of the Dungeon.
             The game lasted 00:00:31 (263 turns).

mcwallace the Chiller (Deep Elf Ice Elementalist)    Turns: 263, Time: 00:00:32

Health: 0/10       AC:  2    Str:  5    XL:     1   Next: 16%
Magic:  6/6        EV: 12    Int: 19    God:
Gold:   25         SH:  0    Dex: 15    Spells: 5/6 levels left

rFire   . . .      SeeInvis .   (no weapon)
rCold   . . .      Faith    .   (no shield)
rNeg    . . .      Spirit   .   a - +0 robe
rPois   .          Reflect  .   (no helmet)
rElec   .          Harm     .   (no cloak)
rCorr   .          Rampage  .   (no gloves)
Will    .....                   (no boots)
Stlth   ++........              (no amulet)
HPRegen 0.03/turn               (no ring)
MPRegen 0.10/turn               (no ring)

@: no status effects
A: no striking features
a: no special abilities


You were on level 1 of the Dungeon.
You visited 1 branch of the dungeon, and saw 1 of its levels.

You collected 25 gold pieces.


   Skills:
 + Level 0.0 Fighting
 + Level 2.4 Dodging
 - Level 2.4 Stealth
 + Level 3.0 Spellcasting
 + Level 4.4 Ice Magic


You had 5 spell levels left.
You knew the following spells:

 Your Spells              Type           Power      Damage    Failure   Level
a - Freeze                Ice            76%        1d9       2%          1

Your spell library contained the following spells:

 Spells                   Type           Power      Damage    Failure   Level
 Frozen Ramparts          Ice            38%        1d5       8%          3
 Ozocubu's Armour         Ice            19%        N/A       8%          3
 Hailstorm                Conj/Ice       11%        3d5       52%         4

Inventory:

Missiles
 e - 6 poisoned darts {throwing}
Armour
 a - a +0 robe (worn)
 c - a +0 ring mail
   (You found it on level 1 of the Dungeon)
Jewellery
 d - a ring of see invisible
   (You found it on level 1 of the Dungeon)
Potions
 b - a potion of magic

Dungeon Overview and Level Annotations

Branches:
Dungeon (1/15) Zot: 5736

Altars:

..# #. #P#.# #. #P#.#
#. . # #.#.# #####. ..
#.#.#.## #.>...
.##(#.#..#########.###.
.
..#P#.............###.
#..
#.#........####......
#..P.#..@.####.#
#.##### #...#.# #.# #.#
.......##.# #.# #.#
#..J..w ..# #.# #.#
####### ### #.# #.# #.#
#.# ## #.# #. #. #.


You could see a dart slug and an endoplasm (asleep).


Message History

🤖 Initializing magus.rc ...
Options error: Delay interrupt name "hungry" not recognised. (~/.crawlrc:4770) Options error: Bad monster_list_colour key: strict_neutral (~/.crawlrc:4785) Bad channel name for runrest: 'pray:' ✅ Successfully initialized magus.rc [v1.9.6] Welcome, mcwallace the Deep Elf Ice Elementalist.
The Orb of Zot is coveted for many reasons.
Will you seize it for your own?
Press ? for a list of commands and other information.
Found a staircase leading out of the dungeon.
There is a staircase leading out of the dungeon here.
You open the door.
There is an open door here.
As you open the door, it creaks loudly!
There is an open door here.
As you open the door, it creaks loudly!
There is an open door here.
There is an open door here.
You open the door.
There is an open door here.
c - a +0 ring mail You now have 13 gold pieces.
d - a ring of see invisible
e - 6 poisoned darts {throwing}
Found a stone staircase leading down.
There is a stone staircase leading down here.
A ball python comes into view.
The ball python hisses angrily.
You barely miss the ball python. The ball python bites you.
The ball python barely misses you. x2
The ball python grabs you.
The ball python constricts you. 😮 HP[-3]
You take 3 damage, and now have 7/10 hp.
MASSIVE DAMAGE!! (PAUSE)
Aiming: Freeze (safe; 2% risk of failure)
Press: ? - help, Q - select action, (/) - cycle Shift-Dir - straight line, f - ball python
Aim: a ball python (constricting you)
You freeze the ball python!
You kill the ball python! 😮 MP[-1]
You lost 1 mp, and now have 5/6 mp.
Key pressed, stopping explore.
Key pressed, stopping explore.
Found an escape hatch in the floor. 😎 HP[+3] MP[+1]
Your hp is fully restored (10).
Your mp is fully restored (6).
You now have 25 gold pieces (gained 12).
There is an escape hatch in the floor here.
An endoplasm and a dart slug come into view.
There are monsters nearby!
The dart slug launches a dart at you. The slug dart hits you.
Ouch! That really hurt!
* * * LOW HITPOINT WARNING * * *
😨 HP[-5]
You take 5 damage, and now have 5/10 hp.
MASSIVE DAMAGE!! (PAUSE)
The dart slug launches a dart at you. The slug dart hits you.
Ouch! That really hurt!
You die...

Action                   || total
-------------------------++-------
Melee: Unarmed           ||     1
 Cast: Freeze            ||     1
Dodge: Dodged            ||     2

Levels and vault maps discovered:
D:1:      dpeg_arrival_triangle_fractal, layout_loops_ring,
          shapermc_ecumenical_altar_rom_forum, serial_park_tiny_2

Notes
Turn   | Place    | Note
-------+----------+-------------------------------------------
     0 | D:1      | mcwallace the Deep Elf Ice Elementalist began the quest for
                  | the Orb.
     0 | D:1      | Reached XP level 1. HP: 10/10 MP: 6/6
     0 | D:1      | magus.rc [v1.9.6]
   263 | D:1      | Killed from afar by a dart slug

Vanquished Creatures
  A ball python (D:1)
1 creature vanquished.

Table legend:
 A = Non-vault XP
 B = Vault XP
 C = Vault XP percentage of total XP
 D = Non-vault monster count
 E = Vault monster count
 F = Vault count percentage of total count
                 A         B        C        D         E       F
            +---------+---------+-------+---------+---------+-------
      Total |       2 |       0 |   0.0 |       1 |       0 |   0.0
            +---------+---------+-------+---------+---------+-------
        D:1 |       2 |       0 |   0.0 |       1 |       0 |   0.0
            +---------+---------+-------+---------+---------+-------

Illustrated notes

Table legend:
 A = Kills in this place as a percentage of kills in entire the game.
 B = Kills by you in this place as a percentage of kills by you in the entire game.
 C = Kills by friends in this place as a percentage of kills by friends in the entire game.
 D = Other kills in this place as a percentage of other kills in the entire game.
 E = Experience gained in this place as a percentage of experience gained in the entire game.
 F = Experience gained in this place divided by the number of levels of this place that you have seen.
                   A       B       C       D       E      F
               +-------+-------+-------+-------+-------+----------------------
         Total | 100.0 | 100.0 |   N/A |   N/A | 100.0 |   2.0
       Dungeon | 100.0 | 100.0 |   N/A |   N/A | 100.0 |   2.0
               +-------+-------+-------+-------+-------+----------------------

Table legend: (Time is in decaauts)
 A = Elapsed time spent in this place.
 B = Non-inter-level travel time spent in this place.
 C = Inter-level travel time spent in this place.
 D = Time resting spent in this place.
 E = Time spent auto-exploring this place.
 F = Levels seen in this place.
 G = Mean time per level.
                   A        B        C        D        E       F      G
               +--------+--------+--------+--------+--------+-----+--------+
         Total |    263 |    263 |      0 |      0 |    247 |   1 |  263.0 |
       Dungeon |    263 |    263 |      0 |      0 |    247 |   1 |  263.0 |
               +--------+--------+--------+--------+--------+-----+--------+

Top non-repeatable levels by time:
     D:1: 263 daAuts
